 Dungeon Crawl Stone Soup version 0.30.1-3-gfc49f6343a (webtiles) character file.

Game seed: 6011301671468538115

0 inkblots the Firebug (level 1, -2/11 HPs)
             Began as an Octopode Fire Elementalist on July 26, 2023.
             Slain by an adder (3 damage)
             ... on level 2 of the Dungeon.
             The game lasted 00:01:02 (74 turns).

inkblots the Firebug (Octopode Fire Elementalist)     Turns: 74, Time: 00:01:03

Health: -2/11      AC:  1    Str:  7    XL:     1   Next: 0%
Magic:  1/3        EV: 13    Int: 17    God:
Gold:   33         SH:  0    Dex: 12    Spells: 3/4 levels left

rFire   . . .        b - +0 dagger
rCold   . . .        (no shield)
rNeg    . . .        (helmet restricted)
rPois   .            (no amulet)
rElec   .            (no ring)
rCorr   .            (no ring)
SInv    .            (no ring)
Will    .....        (no ring)
Stlth   +++          (no ring)
HPRegen 0.21/turn    (no ring)
MPRegen 0.08/turn    (no ring)
                     (no ring)

%: no passive effects
@: no status effects
A: almost no armour, amphibious, 8 rings, camouflage 1, gelatinous body 1,
(nimble swimmer 1), tentacles
a: no special abilities


You were on level 2 of the Dungeon.
You visited 1 branch of the dungeon, and saw 2 of its levels.

You collected 33 gold pieces.

Inventory:

Hand Weapons
 b - a +0 dagger (weapon)
Scrolls
 c - a scroll of noise {unknown}
Potions
 a - a potion of magic


   Skills:
 + Level 2.0 Dodging
 + Level 2.6 Stealth
 + Level 2.0 Spellcasting
 + Level 1.0 Conjurations
 + Level 3.0 Fire Magic


You had 3 spell levels left.
You knew the following spells:

 Your Spells              Type           Power      Damage    Failure   Level
a - Foxfire               Conj/Fire      32%        2x1d5     9%          1

Your spell library contained the following spells:

 Spells                   Type           Power      Damage    Failure   Level
 Scorch                   Fire           22%        2d5       9%          2
 Inner Flame              Hex/Fire       6%         N/A       30%         3
 Volatile Blastmotes      Fire/Tloc      12%        2d11      30%         3
 Flame Wave               Conj/Fire      8%         2d5       63%         4


Dungeon Overview and Level Annotations

Branches:
Dungeon (2/15)

Altars:

Annotations:
D:2 Terence


Innate Abilities, Weirdness & Mutations

You cannot wear most types of armour.
You are amphibious.
You can wear up to eight rings at the same time.
Your skin changes colour to match your surroundings (Stealth+).
Your rubbery body absorbs attacks. (AC +1, EV +1)
((You are camouflaged when in or above water. (Stealth+)))
You have tentacles for arms and can constrict up to eight enemies at once.


Message History

c - a scroll labelled QYSAAP QUC GEN You now have 33 gold pieces (gained 10).
A hobgoblin comes into view.
A bat comes into view.
An adder and a rat come into view.
Casting: Foxfire (safe; 9% risk of failure)
Press: ? - help, Q - select action Dir - look around, f - activate Look: Terence, wielding a +0 short sword and wearing a +0 scale mail (asleep)
You conjure some foxfire!
A bat comes into view.
The adder hisses angrily.
The foxfire hits Terence but does no damage.
Terence shouts!
The foxfire hits Terence but does no damage.
You hit Terence but do no damage. You grab Terence. You constrict Terence.
Terence hits you with a +0 short sword.
Ouch! That really hurt!
Casting: Foxfire (safe; 9% risk of failure)
Press: ? - help, Q - select action Dir - look around, f - activate Look: Terence, wielding a +0 short sword and wearing a +0 scale mail (lightly wounded, constricted by you)
You conjure some foxfire!
You constrict Terence, but do no damage.
The bat hits you. The bat closely misses you.
Terence hits you with a +0 short sword.
You hit Terence but do no damage. You squeeze Terence.
Terence is moderately wounded.
You constrict Terence, but do no damage.
The foxfire hits Terence but does no damage.
Terence is moderately wounded.
The foxfire hits Terence but does no damage.
Terence is moderately wounded.
The bat misses you. The bat completely misses you.
Terence hits you with a +0 short sword.
* * * LOW HITPOINT WARNING * * *
You barely miss Terence.
Terence is moderately wounded.
You constrict Terence.
The bat barely misses you. x2; The bat hits you.
* * * LOW HITPOINT WARNING * * *
The adder bites you.
You die...

#g## .# #... .###..
#..### ####...... #....
..........
######.#####...#.....
###....................
#.........###b.........
#.#.####..###.ยง.S......
# #.# #.......@@r.....
#.# ###.##...b..##.. #.#
##.##..$...#
#.#####...#.#.##.#
#.......#...#.# .#
#######...###.# # ##.##
#.# #.# #.# #.#


You could see Terence, an adder, 2 bats and a rat.

Vanquished Creatures (others)
  4 foxfires (D:2)
4 creatures vanquished.

Notes
Turn   | Place    | Note
-------+----------+-------------------------------------------
     0 | D:1      | inkblots the Octopode Fire Elementalist began the quest for
                  | the Orb.
     0 | D:1      | Reached XP level 1. HP: 11/11 MP: 3/3
    42 | D:2      | Noticed Terence
    74 | D:2      | Slain by an adder

Illustrated notes

Levels and vault maps discovered:
D:1:      dpeg_arrival_leaves_temple_mockup, layout_loops_ring, serial_shops,
          nicolae_shop_bloodbath_and_beyond, minmay_pentomino_q4
D:2:      layout_loops_ring, uniq_terence, uniq_crazy_yiuf_cottage

Action                     || total
---------------------------++-------
  Melee: Dagger            ||     3
         Constrict         ||     1
         Tentacles         ||     1
   Cast: Foxfire           ||     2
  Dodge: Dodged            ||     5
